General information
			
			
        
        - name: BNet
 
        - type: Ladder 1vs1/FFA
 
        - host: Battle.net
 
        - saver: PhuLuN
 
        
map: TurtleRock 
        - players: 2
 
        - length: 02:47
 
        - speed: Fast
 - version: 1.22 W3XP
 - replay type:  Public
 
» download(10 KB)
Players
        team 1 (winner) 
              
              
trening_for_fun (
purple | 63 APM | 175 actions | 02:45)
              
                » actions 
                
                | Assign group hotkey | 3 |  | 
| Build / train | 9 |  | 
| Enter build submenu | 5 |  | 
| Right click | 71 |  | 
| Select / deselect | 50 |  | 
| Select group hotkey | 15 |  | 
| Use ability | 22 |  | 
                175 total
 » units 
                » buildings
                » build order
                00:52 Ancient of War
00:54 Ancient of War
00:55 Ancient of War
 
               team 2 (loser) 
              
              
PhuLuN (
yellow | 362 APM | 1012 actions | 02:47)
              
 1 Blademaster 
 1 Wind Walk
 
                » actions 
                
                | Assign group hotkey | 9 |  | 
| Build / train | 10 |  | 
| Enter build submenu | 5 |  | 
| Enter hero's abilities submenu | 1 |  | 
| Right click | 155 |  | 
| Select / deselect | 48 |  | 
| Select group hotkey | 777 |  | 
| Use ability | 7 |  | 
                1012 total
 » units 
                » buildings
                
                | Altar of Storms | 1 |  | 
| Orc Burrow | 2 |  | 
| Barracks | 1 |  | 
| Voodoo Lounge | 1 |  | 
                5 total
 » build order
                00:05 Altar of Storms
00:20 Orc Burrow
00:34 Barracks
01:44 Orc Burrow
02:34 Voodoo Lounge
 
                Chat log
          (00:58 / All) trening_for_fun: gl
(01:01 / All) PhuLuN: gl
(01:23 / All) trening_for_fun: lol